Workbook

Sheet Instructions
A1: Financial Modeling Ninety Minute Test
A2: Build an integrated forecast, valuation, and conclusion
A4: Time | B4: Task
A5: 0-10 minutes | B5: Read, mark required outputs, and set up the time axis
A6: 10-35 minutes | B6: Build revenue, cost, EBITDA, working capital, and capital expenditure
A7: 35-55 minutes | B7: Link cash and debt: cash rolls forward from free cash flow less after-tax interest
A8: 55-70 minutes | B8: Build DCF and equity bridge
A9: 70-75 minutes | B9: Write the conclusion
A10: 75-90 minutes | B10: Review formulas, checks, signs, dates, and presentation
A12: Required outputs | B12: 2027-2031 revenue and EBITDA
B13: 2031 cash and debt
B14: Enterprise value and equity value
B15: Three model checks
B16: A three-sentence recommendation with one risk

Sheet Inputs
A1: Test Inputs
A2: All figures are fictional and in US dollars unless stated
A4: Input | B4: Value
A5: Revenue, 2026 (reported) | B5: 132000000
A6: EBITDA, 2026 (reported) | B6: 22460000
A7: Receivables at 31 Dec 2026 | B7: 19890411
A8: Inventory at 31 Dec 2026 | B8: 21007671
A9: Payables at 31 Dec 2026 | B9: 13505096
A10: Net PP&E at 31 Dec 2026 | B10: 51129600
A11: Cash at 31 Dec 2026 | B11: 5000000
A12: Term debt at 31 Dec 2026 (held flat, no repayment) | B12: 26219900
A13: Revenue growth, 2027-2031 | B13: 0.05
A14: EBITDA margin, 2027-2031 | B14: 0.18
A15: DSO (on revenue) | B15: 55
A16: Inventory days (on cash costs = revenue less EBITDA) | B16: 70
... A24: Days in year | B24: 365

Sheet Build
A1: Candidate Build
A2: Build formulas in the yellow cells
A4: Line item | B4: 2026 | C4: 2027 | D4: 2028 | E4: 2029 | F4: 2030 | G4: 2031
A5: Revenue
A6: EBITDA
A7: EBITDA margin
A8: Cash costs (revenue less EBITDA)
A9: Receivables
A10: Inventory
A11: Payables
A12: Net working capital
A13: Change in NWC
A14: Opening net PP&E
A15: Capital expenditure
A16: Depreciation
... A38: Check 3: terminal growth below WACC

Sheet Answer Key
A1: Answer Key
A2: Open only after completing the timed build
A4: Line item | B4: 2026 | C4: 2027 | D4: 2028 | E4: 2029 | F4: 2030 | G4: 2031
A5: Revenue | B5: =Inputs!$B$5 -> 132000000 | C5: =B5*(1+Inputs!$B$13) -> 138600000 | D5: =C5*(1+Inputs!$B$13) -> 145530000 | E5: =D5*(1+Inputs!$B$13) -> 152806500 | F5: =E5*(1+Inputs!$B$13) -> 160446825 | G5: =F5*(1+Inputs!$B$13) -> 1.6846917e+08
A6: EBITDA | B6: =Inputs!$B$6 -> 22460000 | C6: =C5*Inputs!$B$14 -> 24948000 | D6: =D5*Inputs!$B$14 -> 26195400 | E6: =E5*Inputs!$B$14 -> 27505170 | F6: =F5*Inputs!$B$14 -> 28880428 | G6: =G5*Inputs!$B$14 -> 30324450
A7: EBITDA margin | B7: =B6/B5 -> 0.17015152 | C7: =C6/C5 -> 0.18 | D7: =D6/D5 -> 0.18 | E7: =E6/E5 -> 0.18 | F7: =F6/F5 -> 0.18 | G7: =G6/G5 -> 0.18
A8: Cash costs (revenue less EBITDA) | B8: =B5-B6 -> 109540000 | C8: =C5-C6 -> 113652000 | D8: =D5-D6 -> 119334600 | E8: =E5-E6 -> 125301330 | F8: =F5-F6 -> 1.315664e+08 | G8: =G5-G6 -> 1.3814472e+08
A9: Receivables | B9: =Inputs!$B$7 -> 19890411 | C9: =C5*Inputs!$B$15/Inputs!$B$24 -> 20884932 | D9: =D5*Inputs!$B$15/Inputs!$B$24 -> 21929178 | E9: =E5*Inputs!$B$15/Inputs!$B$24 -> 23025637 | F9: =F5*Inputs!$B$15/Inputs!$B$24 -> 24176919 | G9: =G5*Inputs!$B$15/Inputs!$B$24 -> 25385765
A10: Inventory | B10: =Inputs!$B$8 -> 21007671 | C10: =C8*Inputs!$B$16/Inputs!$B$24 -> 21796274 | D10: =D8*Inputs!$B$16/Inputs!$B$24 -> 22886088 | E10: =E8*Inputs!$B$16/Inputs!$B$24 -> 24030392 | F10: =F8*Inputs!$B$16/Inputs!$B$24 -> 25231912 | G10: =G8*Inputs!$B$16/Inputs!$B$24 -> 26493507
A11: Payables | B11: =Inputs!$B$9 -> 13505096 | C11: =C8*Inputs!$B$17/Inputs!$B$24 -> 14011890 | D11: =D8*Inputs!$B$17/Inputs!$B$24 -> 14712485 | E11: =E8*Inputs!$B$17/Inputs!$B$24 -> 15448109 | F11: =F8*Inputs!$B$17/Inputs!$B$24 -> 16220515 | G11: =G8*Inputs!$B$17/Inputs!$B$24 -> 17031540
A12: Net working capital | B12: =B9+B10-B11 -> 27392986 | C12: =C9+C10-C11 -> 28669315 | D12: =D9+D10-D11 -> 30102781 | E12: =E9+E10-E11 -> 31607920 | F12: =F9+F10-F11 -> 33188316 | G12: =G9+G10-G11 -> 34847732
A13: Change in NWC | C13: =C12-B12 -> 1276329.1 | D13: =D12-C12 -> 1433465.8 | E13: =E12-D12 -> 1505139 | F13: =F12-E12 -> 1580396 | G13: =G12-F12 -> 1659415.8
A14: Opening net PP&E | C14: =B17 -> 51129600 | D14: =C17 -> 54662232 | E14: =D17 -> 58293403 | F14: =E17 -> 62034289 | G14: =F17 -> 65896121
A15: Capital expenditure | C15: =C5*Inputs!$B$18 -> 7623000 | D15: =D5*Inputs!$B$18 -> 8004150 | E15: =E5*Inputs!$B$18 -> 8404357.5 | F15: =F5*Inputs!$B$18 -> 8824575.4 | G15: =G5*Inputs!$B$18 -> 9265804.1
A16: Depreciation | C16: =C14*Inputs!$B$19 -> 4090368 | D16: =D14*Inputs!$B$19 -> 4372978.6 | E16: =E14*Inputs!$B$19 -> 4663472.3 | F16: =F14*Inputs!$B$19 -> 4962743.1 | G16: =G14*Inputs!$B$19 -> 5271689.7
A17: Ending net PP&E | B17: =Inputs!$B$10 -> 51129600 | C17: =C14+C15-C16 -> 54662232 | D17: =D14+D15-D16 -> 58293403 | E17: =E14+E15-E16 -> 62034289 | F17: =F14+F15-F16 -> 65896121 | G17: =G14+G15-G16 -> 69890235
A18: EBIT | C18: =C6-C16 -> 20857632 | D18: =D6-D16 -> 21822421 | E18: =E6-E16 -> 22841698 | F18: =F6-F16 -> 23917685 | G18: =G6-G16 -> 25052760
A19: Taxes on EBIT | C19: =C18*Inputs!$B$20 -> 5214408 | D19: =D18*Inputs!$B$20 -> 5455605.4 | E19: =E18*Inputs!$B$20 -> 5710424.4 | F19: =F18*Inputs!$B$20 -> 5979421.4 | G19: =G18*Inputs!$B$20 -> 6263190.1
A20: Unlevered free cash flow | C20: =C18-C19+C16-C15-C13 -> 10834263 | D20: =D18-D19+D16-D15-D13 -> 11302179 | E20: =E18-E19+E16-E15-E13 -> 11885249 | F20: =F18-F19+F16-F15-F13 -> 12496036 | G20: =G18-G19+G16-G15-G13 -> 13136040
A21: Interest on opening debt | C21: =B24*Inputs!$B$21 -> 1835393 | D21: =C24*Inputs!$B$21 -> 1835393 | E21: =D24*Inputs!$B$21 -> 1835393 | F21: =E24*Inputs!$B$21 -> 1835393 | G21: =F24*Inputs!$B$21 -> 1835393
A22: After-tax interest | C22: =C21*(1-Inputs!$B$20) -> 1376544.8 | D22: =D21*(1-Inputs!$B$20) -> 1376544.8 | E22: =E21*(1-Inputs!$B$20) -> 1376544.8 | F22: =F21*(1-Inputs!$B$20) -> 1376544.8 | G22: =G21*(1-Inputs!$B$20) -> 1376544.8
A23: Cash | B23: =Inputs!$B$11 -> 5000000 | C23: =B23+C20-C22 -> 14457718 | D23: =C23+D20-D22 -> 24383352 | E23: =D23+E20-E22 -> 34892057 | F23: =E23+F20-F22 -> 46011548 | G23: =F23+G20-G22 -> 57771043
A24: Debt | B24: =Inputs!$B$12 -> 26219900 | C24: =B24 -> 26219900 | D24: =C24 -> 26219900 | E24: =D24 -> 26219900 | F24: =E24 -> 26219900 | G24: =F24 -> 26219900
A25: Net debt | B25: =B24-B23 -> 21219900 | C25: =C24-C23 -> 11762182 | D25: =D24-D23 -> 1836547.7 | E25: =E24-E23 -> -8672156.6 | F25: =F24-F23 -> -19791648 | G25: =G24-G23 -> -31551143
A26: Discount period | B26: 0 | C26: =B26+1 -> 1 | D26: =C26+1 -> 2 | E26: =D26+1 -> 3 | F26: =E26+1 -> 4 | G26: =F26+1 -> 5
A27: Discount factor | C27: =1/(1+Inputs!$B$22)^C26 -> 0.90909091 | D27: =1/(1+Inputs!$B$22)^D26 -> 0.82644628 | E27: =1/(1+Inputs!$B$22)^E26 -> 0.7513148 | F27: =1/(1+Inputs!$B$22)^F26 -> 0.68301346 | G27: =1/(1+Inputs!$B$22)^G26 -> 0.62092132
A28: PV of free cash flow | C28: =C20*C27 -> 9849329.9 | D28: =D20*D27 -> 9340643.7 | E28: =E20*E27 -> 8929563.5 | F28: =F20*F27 -> 8534960.6 | G28: =G20*G27 -> 8156447.3
A30: Terminal value (perpetuity, on 2031 FCF) | B30: =G20*(1+Inputs!$B$23)/(Inputs!$B$22-Inputs!$B$23) -> 1.7952588e+08
A31: PV of terminal value | B31: =B30*G27 -> 1.1147145e+08
A32: Enterprise value at 31 Dec 2026 | B32: =SUM(C28:G28)+B31 -> 1.5628239e+08
A33: Less net debt at 31 Dec 2026 | B33: =B25 -> 21219900
A34: Equity value at 31 Dec 2026 | B34: =B32-B33 -> 1.3506249e+08
A35: Terminal value share of EV | B35: =B31/B32 -> 0.71326939
A36: Check 1: PP&E roll-forward (max abs difference) | B36: =MAX(ABS(C14+C15-C16-C17),ABS(D14+D15-D16-D17),ABS(E14+E15-E16-E17),ABS(F14+F15-F16-F17),ABS(G14+G15-G16-G17)) -> 0
A37: Check 2: cash roll-forward (max abs difference) | B37: =MAX(ABS(C23-B23-C20+C22),ABS(D23-C23-D20+D22),ABS(E23-D23-E20+E22),ABS(F23-E23-F20+F22),ABS(G23-F23-G20+G22)) -> 0
A38: Check 3: terminal growth below WACC | B38: =IF(Inputs!$B$23<Inputs!$B$22,"PASS","FAIL") -> PASS
A40: Review note | B40: A different but stated timing convention (for example mid-year discounting) is acceptable if applied consistently; the answer then moves by roughly half a year of discounting.
